 Dungeon Crawl Stone Soup version 0.24-a0-417-g1cce26a4d2 (webtiles) character file.

Game seed: 12693589025591946252

62 Ilgrip the Vexing (level 3, 5/26 HPs)
             Began as a Demonspawn Arcane Marksman on June 11, 2019.
             Quit the game on level 2 of the Dungeon.
             The game lasted 00:01:14 (1734 turns).

Ilgrip the Vexing (Demonspawn Arcane Marksman)      Turns: 1734, Time: 00:01:15

Health: 5/26       AC:  2    Str: 10    XL:     3   Next: 85%
Magic:  4/4        EV: 12    Int: 15    God:
Gold:   102        SH:  0    Dex: 13    Spells: 3/4 levels left

rFire    . . .     SeeInvis .   a - +0 hunting sling
rCold    . . .     Gourm    .   (no shield)
rNeg     . . .     Faith    .   e - +0 robe
rPois    .         Spirit   .   (no helmet)
rElec    .         Reflect  .   (no cloak)
rCorr    .         Harm     .   (no gloves)
MR       .....                  (no boots)
Stlth    +.........             (no amulet)
HPRegen  0.08/turn              (no ring)
MPRegen  0.09/turn              (no ring)

@: lethally poisoned (5 -> -6)
A: sturdy frame 1
a: no special abilities


You were on level 2 of the Dungeon.
You were not hungry.

You visited 1 branch of the dungeon, and saw 2 of its levels.

You collected 102 gold pieces.

Inventory:

Hand Weapons
 a - a +0 hunting sling (weapon)
Missiles
 b - 33 stones
 d - 3 sling bullets (quivered)
Armour
 e - a +0 robe (worn)
Jewellery
 i - an uncursed ring of wizardry {unknown}
 l - an uncursed amulet of guardian spirit {unknown}
 m - an uncursed ring of ice {unknown}
Scrolls
 c - a scroll of remove curse {unknown}
 g - a scroll of random uselessness {unknown}
 h - a scroll of enchant weapon {unknown}
 j - 3 scrolls of identify {unknown}
 k - a scroll of enchant armour {unknown}
 o - a scroll of blinking {unknown}
 p - a scroll of amnesia {unknown}
Potions
 n - a potion of curing {unknown}
Comestibles
 f - 3 rations


   Skills:
 + Level 1.3 Fighting
 + Level 3.2 Slings
 + Level 2.2 Dodging
 + Level 1.0 Spellcasting
 + Level 3.2 Hexes


You had 3 spell levels left.
You knew the following spells:

 Your Spells              Type           Power        Failure   Level  Hunger
a - Corona                Hex            ##.....      7%          1    ##.....

Your spell library contained the following spells:

 Spells                   Type           Power        Failure   Level  Hunger
 Slow                     Hex            ##......     10%         2    ###....
 Inner Flame              Hex/Fire       #.......     36%         3    ####...
 Portal Projectile        Hex/Tloc       #.....       36%         3    ####...
 Cause Fear               Hex            ##........   54%         4    #####..
 Leda's Liquefaction      Hex/Erth       #.........   77%         4    #####..


Dungeon Overview and Level Annotations

Branches:
Dungeon (2/15)

Altars:


Innate Abilities, Weirdness & Mutations

Your movements are slightly less encumbered by armour. (ER -2)


Message History

The sling bullet hits the scorpion but does no damage.
The scorpion is almost dead.
The scorpion stings you.
You are lethally poisoned!
The scorpion poisons you!
Firing (i - inventory. (/) - cycle)
d - 5 sling bullets (quivered)
Press: ? - help, Shift-Dir - straight line, f/p - scorpion
Aim: a scorpion (almost dead)
You shoot a sling bullet.
The sling bullet closely misses the scorpion.
You feel sick. The scorpion stings you.
* * * LOW HITPOINT WARNING * * *
Firing (i - inventory. (/) - cycle)
d - 4 sling bullets (quivered)
Press: ? - help, Shift-Dir - straight line, f/p - scorpion
Aim: a scorpion (almost dead)
You shoot a sling bullet.
The sling bullet barely misses the scorpion.
* * * LOW HITPOINT WARNING * * *
You feel sick. The scorpion barely misses you.
Are you sure you want to abandon this character and quit the game? (Confirm with "yes".)

..<....... #
##.######....
##.#......# #....######
..#...# #####.## ###.
#..# ########.(((. ##.#
#...(.(......
#.#####....@s(....(
######.....#.......#####
...........†.......#
############.......#
#......... #.......###
#.......# #..!.(..#
#......[#


You could see a scorpion.

Vanquished Creatures
  2 adders (D:2)
  A worm (D:2)
  3 dart slugs
  A leopard gecko (D:1)
  2 hobgoblins
  3 jackals (D:2)
  2 ball pythons
  8 bats
  5 frilled lizards
  4 goblins (D:1)
  4 kobolds
  2 rats
37 creatures vanquished.

Notes
Turn   | Place    | Note
-------+----------+-------------------------------------------
     0 | D:1      | Ilgrip the Demonspawn Arcane Marksman began the quest for
                  | the Orb.
     0 | D:1      | Reached XP level 1. HP: 15/15 MP: 2/2
   345 | D:1      | Gained mutation: Your movements are slightly less
                  | encumbered by armour. (ER -2) [demonic ancestry]
   345 | D:1      | Reached XP level 2. HP: 4/21 MP: 3/3
   357 | D:1      | HP: 1/21 [bat (1)]
   363 | D:1      | HP: 1/21 [bat (1)]
  1558 | D:2      | Reached XP level 3. HP: 26/26 MP: 4/4
  1719 | D:2      | Noticed a scorpion
  1734 | D:2      | Quit the game

Levels and vault maps discovered:
D:1:      psy_arrival_conway, layout_basic
D:2:      layout_rooms, trog_hazing_becter

Skill      XL: |  1  2  3 |
---------------+----------+-----
Dodging        | 2 |  2.2
Slings         | 2 3 |  3.2
Fighting       | |  1.3
Spellcasting   | |  1.0
Hexes          | |  3.2

Action                   || total
-------------------------++-------
 Fire: Hunting sling     ||   136
  Eat: Chunk             ||     2
Armor: Robe              ||    34
Dodge: Dodged            ||    90

Table legend:
 A = Non-vault XP
 B = Vault XP
 C = Vault XP percentage of total XP
 D = Non-vault monster count
 E = Vault monster count
 F = Vault count percentage of total count
                 A         B        C        D         E       F
            +---------+---------+-------+---------+---------+-------
      Total |      89 |       0 |   0.0 |      37 |       0 |   0.0
            +---------+---------+-------+---------+---------+-------
        D:1 |      38 |       0 |   0.0 |      23 |       0 |   0.0
        D:2 |      51 |       0 |   0.0 |      14 |       0 |   0.0
            +---------+---------+-------+---------+---------+-------
